 Dungeon Crawl Stone Soup version 0.27-a0-1081-ge8a0a9c698 (webtiles) character file.

Game seed: 14704969972691512210

25 gimp the Skirmisher (level 3, -2/30 HPs)
             Began as a Djinni Fighter on Apr 25, 2021.
             Slain by a gnoll
             ... wielding a +0 whip
              (8 damage)
             ... on level 2 of the Dungeon.
             The game lasted 00:00:40 (434 turns).

gimp the Skirmisher (Djinni Fighter)                 Turns: 434, Time: 00:00:40

Health: -2/30      AC:  6    Str: 16    XL:     3   Next: 6%
Gold:   14         EV:  7    Int:  9    God:
                   SH:  9    Dex: 12

rFire    + + .     SeeInvis .   a - +0 war axe
rCold    x . .     Faith    .   c - +0 kite shield
rNeg     . . .     Spirit   .   b - +0 scale mail
rPois    ∞         Reflect  .   (no helmet)
rElec    .         Harm     .   (no cloak)
rCorr    .         Rampage  .   (no gloves)
Will     .....                  (boots unavailable)
Stlth    ..........             (no amulet)
HPRegen  0.10/turn              (no ring)
MPRegen  0.00/turn              (no ring)

@: flying
A: fire resistance 2, cold vulnerability 1, float, innate caster, hp casting,
extra vitality 1
a: no special abilities


You were on level 2 of the Dungeon.
You visited 1 branch of the dungeon, and saw 2 of its levels.

You collected 14 gold pieces.

Inventory:

Hand Weapons
 a - a +0 war axe (weapon)
Armour
 b - a +0 scale mail (worn)
 c - a +0 kite shield (worn)
Potions
 d - a potion of might
 e - a potion of flight {unknown}


   Skills:
 + Level 3.6 Fighting
 - Level 1.5 Axes
 - Level 3.0 Armour
 + Level 3.6 Shields


You had one spell level left.
You knew the following spells:

 Your Spells              Type           Power      Damage    Failure   Level
a - Freeze                Ice            0%         1d3       99%         1
Your spell library was empty.

Dungeon Overview and Level Annotations

Branches:
Dungeon (2/15)

Altars:


Innate Abilities, Weirdness & Mutations

You are immune to poison.
Your flesh is very heat resistant. (rF++)
You are vulnerable to cold. (rC-)
You float through the air rather than walking.
You learn spells naturally, not from books.
Your magical power is your life essence.
You have superior vitality. (+4 HP)


Message History

The gnoll shouts!
You hear a shout! x3
You hit the hobgoblin.
The hobgoblin is moderately wounded.
The hobgoblin hits you. x2
You take 8 damage, and have 17/25 hp.
MASSIVE DAMAGE!!
You hit the hobgoblin.
You kill the hobgoblin!
You slash the gnoll!
The gnoll is almost dead.
The gnoll hits you with a +0 whip.
You take 5 damage, and have 12/25 hp.
You barely miss the gnoll.
The gnoll is almost dead.
The gnoll hits you but does no damage. x2
You closely miss the gnoll.
The gnoll is almost dead.
The gnoll hits you with a +0 whip!
* * * LOW HITPOINT WARNING * * *
You take 7 damage, and have 5/25 hp.
MASSIVE DAMAGE!!
You hit the gnoll.
You kill the gnoll!
You have reached level 3!
Your experience leads to an increase in your attributes!
Increase (S)trength, (I)ntelligence, or (D)exterity?
You feel stronger.
The power to cast Freeze wells up from within.
Spell assigned to 'a'.
A gnoll comes into view. It is wielding a +0 club.
A gnoll comes into view. It is wielding a +0 flail.
The gnoll shouts!
A dart slug comes into view.
Found a scale mail.
A gnoll comes into view. It is wielding a +0 whip.
The gnoll shouts!
The dart slug bites you but does no damage.
The gnoll hits you with a +0 whip.
* * * LOW HITPOINT WARNING * * *
Found 4 gold pieces.
You take 1 damage, and have 6/30 hp.
The gnoll hits you with a +0 whip!
You die...

## #. #.
#.##########
#.>.g......#
#.g###).##.#
#..w@....#
#..#g.#..#
#[.#..#.<#
#..#..##.#
#..#... ..
#..#.......
#..#.....
#$.#.###..


You could see 2 gnolls and a dart slug.

Vanquished Creatures
  A gnoll (D:2)
  3 ball pythons (D:1)
  A bat (D:1)
  A goblin (D:1)
  2 hobgoblins (D:2)
  3 jackals (D:1)
  A quokka (D:1)
  A rat (D:1)
13 creatures vanquished.

Notes
Turn   | Place    | Note
-------+----------+-------------------------------------------
     0 | D:1      | gimp the Djinni Fighter began the quest for the Orb.
     0 | D:1      | Reached XP level 1. HP: 20/20 MP: 0/0
   111 | D:1      | Reached XP level 2. HP: 15/25 MP: 0/0
   418 | D:1      | You are sucked into a shaft and drop 1 floor!
   428 | D:2      | Reached XP level 3. HP: 6/30 MP: 0/0
   428 | D:2      | Learned a level 1 spell: Freeze
   434 | D:2      | Slain by a gnoll

Illustrated notes

Levels and vault maps discovered:
D:1:      lightli_arrival_statuegarden, layout_loops_ring, serial_shops,
          nicolae_shop_trees
D:2:      layout_basic, basic_altar, serial_bayou_pond_b, minmay_hedge_maze,
          uniq_terence

Action                   || total
-------------------------++-------
Melee: War axe           ||    36
Armor: Scale mail        ||    28
Dodge: Dodged            ||    13
Block: Kite shield       ||    28

Table legend: (Time is in decaauts)
 A = Elapsed time spent in this place.
 B = Non-inter-level travel time spent in this place.
 C = Inter-level travel time spent in this place.
 D = Time resting spent in this place.
 E = Time spent auto-exploring this place.
 F = Levels seen in this place.
 G = Mean time per level.
                   A        B        C        D        E       F      G
               +--------+--------+--------+--------+--------+-----+--------+
         Total |    457 |    457 |      0 |      0 |    365 |   2 |  228.5 |
       Dungeon |    457 |    457 |      0 |      0 |    365 |   2 |  228.5 |
               +--------+--------+--------+--------+--------+-----+--------+

Top non-repeatable levels by time:
     D:1: 436 daAuts
     D:2: 20 daAuts
